 Dungeon Crawl Stone Soup version 0.17.1-1-g73c8601 (webtiles) character file.

7035 Implojin the Grappler (level 10, -4/110 HPs)
             Began as a Troll Berserker on Apr 9, 2016.
             Was an Elder of Trog.
             Slain by a water moccasin (8 damage)
             ... on level 5 of the Lair of Beasts.
             The game lasted 00:16:49 (2359 turns).

Implojin the Grappler (Troll Berserker)             Turns: 2359, Time: 00:16:49

Health: -4/110     AC:  5    Str: 27    XL:     10   Next: 83%
Magic:  9/9        EV:  5    Int:  3    God:    Trog [****..]
Gold:   80         SH: 13    Dex: 12    Spells: 0 memorised, 9 levels left

rFire  + . .     SeeInvis .       - Unarmed
rCold  . . .     Clarity  .     a - +0 animal skin
rNeg   + . .     SustAt   .     C - +0 large shield
rPois  .         Gourm    +     v - +0 hat
rElec  .         Spirit   .     (no cloak)
rCorr  .         Warding  .     (gloves unavailable)
rMut   .         Stasis   .     (boots unavailable)
MR     .....                    (no amulet)
Stlth  +.........               H - ring of protection from fire
                                d - ring of positive energy

@: lethally poisoned (-4 -> -25), exhausted, slowed, very slow, not resistant to
hostile enchantments, very unstealthy
A: unfitting armour, claws 3, fast metabolism 3, gourmand, regeneration 2,
shaggy fur 1, tough skin 2
a: Berserk, Trog's Hand, Brothers in Arms, Burn Spellbooks, Renounce Religion


You were on level 5 of the Lair of Beasts.
You worshipped Trog.
Trog was greatly pleased with you.
You were very full.

You visited 2 branches of the dungeon, and saw 16 of its levels.

You collected 80 gold pieces.

Inventory:

Hand Weapons
 l - a +0 dire flail
 m - a +2 mace of protection
 o - a +0 flail
 t - a +3 quarterstaff
Missiles
 f - 3 large rocks (quivered)
 y - 7 javelins
 J - a throwing net
Armour
 a - a +0 animal skin (worn)
 v - a +0 hat (worn)
 C - a +0 large shield (worn)
Magical Staves
 w - an uncursed staff of conjuration {unknown}
Jewellery
 d - a ring of positive energy (left claw)
 H - a ring of protection from fire (right claw)
Wands
 g - a wand of slowing (48)
 i - a wand of flame (13)
 D - a wand of confusion (17)
 E - a wand of random effects (30)
 K - a wand of fire (10)
Scrolls
 c - 3 scrolls of remove curse
 e - a scroll of amnesia {unknown}
 h - a scroll of teleportation {unknown}
 n - 3 scrolls of recharging
 p - a scroll of immolation {unknown}
 s - a scroll of fear
 u - a scroll of blinking {unknown}
 B - a scroll of noise
 I - a scroll of magic mapping {unknown}
Potions
 k - a potion of cancellation
 r - a potion of heal wounds {unknown}
 x - 2 potions of curing {unknown}
 z - a potion of ambrosia {unknown}
 A - a potion of flight
 F - a potion of magic {unknown}
Books
 q - a book of Hinderance

   Spells                             Type                      Level
   a - Confusing Touch                Hexes                        2
   b - Confuse                        Hexes                        3
   c - Gell's Gravitas                Hexes/Translocation          3
   d - Petrify                        Transmutation/Earth          4
   e - Metabolic Englaciation         Hexes/Ice                    5
   Trog disapproves of the use of such an item.
Comestibles
 b - 3 bread rations
 j - a royal jelly
 G - 3 chunks of flesh


   Skills:
 * Level 10.0 Fighting
 - Level 2.4 Dodging
 - Level 12.2 Unarmed Combat


You had 9 spell levels left.
You didn't know any spells.

Dungeon Overview and Level Annotations

Branches:
Dungeon (11/15)            Temple (0/1) D:6            Lair (5/8) D:11
  Swamp (0/4) Lair:3        Snake (0/4) Lair:3
    Orc: D:9-12

Altars:
Cheibriados
Fedhas
Gozag
Ru
Yredelemnul

Annotations:
Lair:4 Implojin's ghost, novice TrMo


Innate Abilities, Weirdness & Mutations

You are too large for most types of armour.
You have claws for hands.
Your metabolism is lightning-fast.
You like to eat raw meat.
You heal very quickly.
You are covered in fur (AC +1).
You have very tough skin (AC +2).


Message History

A water moccasin comes into view.
You see here a sheep corpse.
You feel a strong urge to attack something.
You are no longer berserk.
You are exhausted.
You feel yourself slow down.
Your shield prevents you from hitting the water moccasin.
You block the water moccasin's attack. The water moccasin bites you!
* * * LOW HITPOINT WARNING * * *
You are poisoned.
The water moccasin poisons you!
You barely miss the water moccasin.
You feel sick. The water moccasin bites you.
* * * LOW HITPOINT WARNING * * *
The water moccasin bites you.
* * * LOW HITPOINT WARNING * * *
You are more poisoned.
The water moccasin poisons you! You block the water moccasin's attack.
A water moccasin comes into view.
Unknown command.
You fail to use your ability.
You feel sick.
You block the water moccasin's attack. x2
The water moccasin bites you but does no damage.
The water moccasin bites you.
* * * LOW HITPOINT WARNING * * *
You are more poisoned.
The water moccasin poisons you!
Unknown command.
Unknown command.
Your ogre goes berserk!
You feel somewhat less full.
You feel very sick.
You block the water moccasin's attack. x2
The water moccasin bites you!
* * * LOW HITPOINT WARNING * * *
The water moccasin bites you.
* * * LOW HITPOINT WARNING * * *
You are more poisoned.
The water moccasin poisons you! The water moccasin bites you!
You die...

##....###
##...#
###..##
###....##
#..#....#
##.....###
#....(†.#
#O..††.##
##/@...#
#...SS.P#
##..S..##
#......#
.........#
#.....>....#
#..........#
............


You could see 3 water moccasins and a friendly ogre (berserk).

Vanquished Creatures
  Urug (Lair:2)
  A black mamba (Lair:5)
  A spiny frog (Lair:3)
  A troll (D:11)
  3 giant leeches (Lair:3)
  Prince Ribbit (D:6)
  A basilisk (Lair:3)
  A wyvern (D:8)
  7 yaks
  2 wolves (Lair:5)
  A porcupine (Lair:4)
  5 nagas (Lair:3)
  A swamp worm (Lair:3)
  A water moccasin (Lair:1)
  3 ogres
  An eye of draining (D:11)
  2 orc warriors
  2 phantoms
  5 crocodiles
  A centaur (D:6)
  2 giant frogs (Lair:3)
  A gnoll sergeant (D:8)
  A scorpion (D:4)
  4 killer bees (D:8)
  2 hounds
  3 orc priests
  The ghost of adamhnan the Sneak, a weakling VSAs (D:4)
  2 iguanas
  A giant frog skeleton (D:4)
  4 orc wizards
  A worker ant (D:4)
  5 sheep (Lair:5)
  4 adders
  5 gnolls (D:8)
  18 river rats
  3 worms
  3 giant geckos
  13 orcs
  2 ball pythons
  A bat (D:2)
  2 goblins (D:2)
  10 jackals
  2 kobolds
  A giant cockroach (D:7)
  A giant gecko zombie (D:6)
  A giant newt (D:1)
134 creatures vanquished.

Notes
Turn   | Place    | Note
--------------------------------------------------------------
     0 | D:1      | Implojin the Troll Berserker began the quest for the Orb.
     0 | D:1      | Reached XP level 1. HP: 22/22 MP: 0/0
   194 | D:2      | Reached XP level 2. HP: 29/29 MP: 1/1
   272 | D:2      | Reached skill level 4 in Unarmed Combat
   346 | D:2      | Reached XP level 3. HP: 36/36 MP: 2/2
   398 | D:4      | Noticed adamhnan's ghost (weakling VSAs)
   410 | D:4      | Killed adamhnan's ghost
   439 | D:4      | Reached XP level 4. HP: 39/44 MP: 3/3
   443 | D:4      | Reached skill level 5 in Unarmed Combat
   458 | D:4      | Noticed a scorpion
   469 | D:4      | Killed a scorpion
   469 | D:4      | Reached XP level 5. HP: 32/50 MP: 4/4
   471 | D:4      | Noticed a phantom
   526 | D:4      | Reached ** piety under Trog
   559 | D:4      | Noticed an ogre
   569 | D:4      | Reached skill level 6 in Unarmed Combat
   575 | D:4      | Killed an ogre
   575 | D:4      | Reached XP level 6. HP: 47/59 MP: 5/5
   607 | D:4      | Killed a phantom
   607 | D:4      | Reached skill level 7 in Unarmed Combat
   620 | D:4      | Found a blossoming altar of Fedhas.
   748 | D:5      | Entered Level 5 of the Dungeon
   860 | D:6      | Found a staircase to the Ecumenical Temple.
   936 | D:6      | Noticed Prince Ribbit
   938 | D:6      | Reached skill level 8 in Unarmed Combat
   938 | D:6      | Reached XP level 7. HP: 46/66 MP: 6/6
   948 | D:6      | Killed Prince Ribbit
   948 | D:6      | Reached skill level 9 in Unarmed Combat
  1094 | D:7      | Found a sacrificial altar of Ru.
  1130 | D:7      | Reached *** piety under Trog
  1232 | D:8      | Reached XP level 8. HP: 72/74 MP: 7/7
  1233 | D:8      | Reached skill level 10 in Unarmed Combat
  1244 | D:8      | Reached skill level 3 in Fighting
  1407 | D:8      | Noticed a wyvern
  1413 | D:8      | Killed a wyvern
  1413 | D:8      | Reached skill level 4 in Fighting
  1480 | D:8      | Found a basalt altar of Yredelemnul.
  1480 | D:8      | Found an opulent altar of Gozag.
  1481 | D:8      | Found a snail-covered altar of Cheibriados.
  1484 | D:8      | Reached skill level 5 in Fighting
  1512 | D:8      | Reached skill level 6 in Fighting
  1547 | D:10     | Entered Level 10 of the Dungeon
  1567 | D:11     | Noticed a troll
  1570 | D:11     | Reached XP level 9. HP: 75/89 MP: 8/8
  1583 | D:11     | Killed a troll
  1583 | D:11     | Reached skill level 7 in Fighting
  1607 | D:11     | Found a staircase to the Lair.
  1623 | Lair:1   | Entered Level 1 of the Lair of Beasts
  1644 | Lair:2   | Noticed Urug
  1652 | Lair:2   | Killed Urug
  1652 | Lair:2   | Reached skill level 8 in Fighting
  1680 | Lair:2   | Noticed a spiny frog
  1774 | Lair:3   | Reached skill level 9 in Fighting
  1801 | Lair:3   | Reached **** piety under Trog
  1816 | Lair:3   | Reached XP level 10. HP: 32/107 MP: 9/9
  1866 | Lair:3   | Found a staircase to the Snake Pit.
  1881 | Lair:3   | Noticed a spiny frog
  1894 | Lair:3   | Killed a spiny frog
  1913 | Lair:3   | Reached skill level 10 in Fighting
  1966 | Lair:3   | Found a staircase to the Swamp.
  2175 | Lair:4   | Reached skill level 11 in Unarmed Combat
  2284 | Lair:4   | Noticed Implojin's ghost (novice TrMo)
  2335 | Lair:5   | Noticed a black mamba
  2343 | Lair:5   | Killed a black mamba
  2343 | Lair:5   | Reached skill level 12 in Unarmed Combat
  2353 | Lair:5   | Received a gift from Trog
  2359 | Lair:5   | HP: 4/110 [water moccasin (6)]
  2359 | Lair:5   | Slain by a water moccasin

Action                   |  1- 3 |  4- 6 |  7- 9 | 10-12 || total
-------------------------+-------+-------+-------+-------++-------
Melee: Unarmed           |    59 |    82 |   171 |   120 ||   432
Throw: Large rock        |       |       |       |     1 ||     1
Invok: Berserk           |     1 |       |     6 |     3 ||    10
       Trog's Hand       |       |       |     1 |     4 ||     5
       Brothers in Arms  |       |       |       |     1 ||     1
  Use: Scroll            |       |       |     3 |     4 ||     7
 Stab: Sleeping          |     1 |       |       |       ||     1
  Eat: Chunk             |     2 |    10 |    15 |    10 ||    37

Table legend:
 A = Turns spent in this place as a percentage of turns spent in the entire game.
 B = Non-inter-level travel turns spent in this place as a percentage of non-inter-level travel turns spent in the entire game.
 C = Inter-level travel turns spent in this place as a percentage of turns spent in this place.
 D = Turns resting spent in this place as a percentage of non-inter-level travel turns spent in this place.
 E = Turns spent auto-exploring this place as a percentage of non-inter-level travel turns spent in this place.
 F = Non-inter-level travel turns spent in this place divided by the number of levels of this place that you've seen.
                   A       B       C       D       E      F
               +-------+-------+-------+-------+-------+----------------------
         Total | 100.0 | 100.0 |   0.0 |   0.0 |   0.0 | 143.9
       Dungeon |  67.8 |  67.8 |   0.0 |   0.0 |   0.0 | 141.8
          Lair |  32.2 |  32.2 |   0.0 |   0.0 |   0.0 | 148.4
               +-------+-------+-------+-------+-------+----------------------

Table legend:
 A = Kills in this place as a percentage of kills in entire the game.
 B = Kills by you in this place as a percentage of kills by you in the entire game.
 C = Kills by friends in this place as a percentage of kills by friends in the entire game.
 D = Other kills in this place as a percentage of other kills in the entire game.
 E = Experience gained in this place as a percentage of experience gained in the entire game.
 F = Experience gained in this place divided by the number of levels of this place that you have seen.
                   A       B       C       D       E      F
               +-------+-------+-------+-------+-------+----------------------
         Total | 100.0 | 100.0 |  -nan |  -nan | 100.0 | 628.1
       Dungeon |  61.2 |  61.2 |  -nan |  -nan |  36.7 | 335.6
          Lair |  38.8 |  38.8 |  -nan |  -nan |  63.3 | 1271.6
               +-------+-------+-------+-------+-------+----------------------
